AoeStats
← O grande

Arabia

507295062Analyzed
1v1 RM · 14d ago on Sep 17, 2026· 23m 54s· 2 players
Game mode
Random Map
Map size
Tiny (2 player)
Population
200
Speed
Normal
Resources
Standard
Victory
Conquest
Starting age
Dark Age
Ending age
Imperial Age
RankedLock teamsTeams togetherTeam positionsShared explorationLock speedFull tech treeHidden civsTurbo modeCheats
Victory
Defeat
🇬🇧 Chinese · United Kingdom
1935
+19
🇧🇷 Malians · Brazil
2006
-19
MattAtArms
0:25 Loom
8:07 Feudal Age
8:48 Double-Bit Axe
14:07 Fletching
20:28 Castle Age
19:12 Gold Mining
19:06 Horse Collar
19:34 Padded Archer Armor
20:34 Crossbowman
21:11 Bodkin Arrow
22:13 Bow Saw
22:50 Ballistics
O grande
6:13 Loom
9:04 Feudal Age
11:16 Double-Bit Axe
15:37 Fletching
21:05 Castle Age
19:47 Padded Archer Armor
20:30 Horse Collar
21:41 Bodkin Arrow
21:15 Crossbowman
Connection lost

Rejoining the realm…

Still unreachable

The connection could not be restored.

Session expired

The server has moved on; the page needs a fresh start.